 Dungeon Crawl Stone Soup version 0.29.1-4-g47bece8355 (webtiles) character file.

Game seed: 10426072523769645727

134 Eitelfritz the Slasher (level 4, -2/38 HPs)
             Began as a Minotaur Gladiator on Dec 9, 2022.
             Slain by an iguana (12 damage)
             ... on level 3 of the Dungeon.
             The game lasted 00:05:00 (3011 turns).

Eitelfritz the Slasher (Minotaur Gladiator)         Turns: 3011, Time: 00:05:00

Health: -2/38      AC:  7    Str: 18    XL:     4   Next: 95%
Magic:  3/3        EV: 12    Int:  7    God:
Gold:   169        SH:  0    Dex: 12    Spells: 3/3 levels left

rFire   + . .      SeeInvis .   a - +0 long sword (vorpal)
rCold   . . .      Faith    .   (no shield)
rNeg    . . .      Spirit   .   b - +0 leather armour
rPois   .          Reflect  .   c - +0 hat
rElec   .          Harm     .   m - +0 cloak
rCorr   .          Rampage  .   i - +2 pair of gloves
Will    .....                   (no boots)
Stlth   +.........              (no amulet)
HPRegen 0.12/turn               n - ring of protection from fire
MPRegen 0.08/turn               (no ring)

@: no status effects
A: horns 2, retaliatory headbutt
a: no special abilities


You were on level 3 of the Dungeon.
You visited 1 branch of the dungeon, and saw 4 of its levels.

You collected 169 gold pieces.

Inventory:

Hand Weapons
 a - a +0 vorpal long sword (weapon)
Missiles
 d - 3 throwing nets (quivered)
 e - a javelin
 h - 8 poisoned darts
 w - 3 stones
 y - 6 silver javelins
Armour
 b - a +0 leather armour (worn)
 c - a +0 hat (worn)
 i - a +2 pair of gloves (worn)
 m - a +0 cloak (worn)
Jewellery
 n - a ring of protection from fire (left hand)
 v - a ring of protection from cold
 x - an amulet of faith
Wands
 u - a wand of paralysis (3)
Scrolls
 g - a scroll of teleportation
 q - a scroll of amnesia
Potions
 k - a potion of cancellation
 l - a potion of haste
 p - a potion of attraction {unknown}
 r - a potion of lignification {unknown}
 s - a potion of heal wounds {unknown}


   Skills:
 + Level 3.1 Fighting
 + Level 5.4 Long Blades
 + Level 2.3 Throwing
 + Level 1.3 Armour
 + Level 3.9 Dodging
 + Level 0.8 Stealth


You had 3 spell levels left.
You didn't know any spells.
Your spell library contained the following spells:

 Spells                   Type           Power      Damage    Failure   Level
 Sting                    Tmut/Pois      0%         1d3       50%         1
 Blink                    Tloc           0%         N/A       63%         2
 Poisonous Vapours        Pois/Air       0%         N/A       63%         2
 Call Canine Familiar     Summ           0%         N/A       86%         3
 Lesser Beckoning         Tloc           0%         N/A       86%         3
 Portal Projectile        Hex/Tloc       0%         N/A       86%         3
 Leda's Liquefaction      Hex/Erth       0%         N/A       99%         4
 Olgreb's Toxic Radiance  Pois           0%         N/A       99%         4
 Manifold Assault         Tloc           0%         N/A       100%        5


Dungeon Overview and Level Annotations

Branches:
Dungeon (4/15)
 Temple: D:4-7

Altars:
Gozag

Shops:
D:3 (

Annotations:
D:4 Eustachio


Innate Abilities, Weirdness & Mutations

You have a pair of horns on your head.
You reflexively headbutt those who attack you in melee.


Message History

You furiously retaliate!
You headbutt the goblin!
You kill the goblin!
Eustachio casts a spell.
Eustachio blinks!
The goblin closely misses you. You furiously retaliate!
You headbutt the goblin.
You kill the goblin!
There is a stone staircase leading up here.
You hit the hobgoblin. You headbutt the hobgoblin.
You kill the hobgoblin!
You see here a +0 club.
Robin throws the goblin at you!
There is a stone staircase leading up here.
The iguana bites you. Robin closely misses you. You furiously retaliate!
You headbutt Robin! The goblin hits you but does no damage.
You climb upwards.
There is a stone staircase leading down, spattered with blood here.
Unknown command.
You hit Robin.
Robin is severely wounded.
The goblin closely misses you. The iguana bites you.
Robin hits you but does no damage.
You closely miss Robin.
Robin is severely wounded.
The goblin hits you but does no damage.
The iguana bites you but does no damage.
Robin misses you.
You hit Robin.
You kill Robin!
The goblin closely misses you. The iguana bites you.
Unknown command.
You closely miss the goblin. The goblin hits you with a +0 dagger.
The iguana bites you!
* * * LOW HITPOINT WARNING * * *
The goblin hits you with a +0 dagger.
* * * LOW HITPOINT WARNING * * *
The iguana misses you.
You hit the goblin.
You kill the goblin!
The iguana bites you!
You die...

###############
..............#
####..)[#####.#####
........)).....)@)#
####....##....##.l#
# #....##.#####..#
# #....##.# #..#
####.......# #..#
...#.#######
#..#######
####.######
#........# #
#.#....#
###.#####.## #
#.#.##.#
#^....#.#.#


You could see an iguana.

Vanquished Creatures
  An orc wizard (D:3)
  Robin (D:3)
  A gnoll (D:3)
  An adder (D:3)
  2 dart slugs
  7 orcs (D:3)
  3 ball pythons
  4 bats
  3 endoplasms
  4 giant cockroaches
  5 hobgoblins
  4 quokkas
  3 frilled lizards
  14 goblins
  7 kobolds
  4 rats
64 creatures vanquished.

Vanquished Creatures (others)
  A goblin (D:4)
1 creature vanquished.

Grand Total: 65 creatures vanquished

Notes
Turn   | Place    | Note
-------+----------+-------------------------------------------
     0 | D:1      | Eitelfritz the Minotaur Gladiator began the quest for the
                  | Orb.
     0 | D:1      | Reached XP level 1. HP: 18/18 MP: 0/0
   212 | D:1      | Reached XP level 2. HP: 22/25 MP: 1/1
   369 | D:1      | Reached skill level 4 in Long Blades
   753 | D:1      | Found a faded altar of an unknown god.
   939 | D:2      | Reached XP level 3. HP: 30/30 MP: 2/2
  1625 | D:3      | Found an opulent altar of Gozag.
  1671 | D:3      | Found Joca's Weapon Emporium.
  1980 | D:3      | Reached skill level 1 in Armour
  2101 | D:3      | Reached XP level 4. HP: 37/37 MP: 3/3
  2436 | D:4      | Noticed Eustachio
  2448 | D:3      | Reached skill level 5 in Long Blades
  2697 | D:4      | Noticed Robin
  3009 | D:3      | Killed Robin
  3011 | D:3      | Slain by an iguana

Illustrated notes

Levels and vault maps discovered:
D:1:      dpeg_arrival_simpleton_b, layout_rooms, ebering_ecumenical_altar_box,
          minmay_statues_item
D:2:      layout_basic
D:3:      layout_basic, mainiacjoe_overflow_brackets, serial_shops,
          nicolae_shop_stone
D:4:      corexii_shack_village, layout_cave_pools, uniq_edmund, uniq_robin,
          uniq_eustachio

Skill      XL: |  1  2  3  4 |
---------------+-------------+-----
Long Blades    | 4 5 |  5.4
Armour         | 1 |  1.3
Fighting       | 3 |  3.1
Throwing       | |  2.3
Dodging        | |  3.9
Stealth        | |  0.8

Action                   |  1- 3 |  4- 6 || total
-------------------------+-------+-------++-------
Melee: Long sword        |    94 |    30 ||   124
       Headbutt          |    16 |     4 ||    20
       Punch             |     1 |       ||     1
  Use: Scroll            |       |    10 ||    10
Armor: Leather armour    |    34 |    14 ||    48
Dodge: Dodged            |    59 |    45 ||   104
